Connexion

SEATTLE Kraken vs LAS VEGAS Golden Knights

Created - 2 février 2024 at 05:47

Goals
1 2 3 T
SEATTLE Kraken 0 2 2 4
LAS VEGAS Golden Knights 2 0 1 3
Shots
1 2 3 T
SEATTLE Kraken 6 12 14 32
LAS VEGAS Golden Knights 11 4 6 21

GoalsPenalties
1st period
1. LAS VEGAS Golden Knights , Ryan Nugent-Hopkins 26 (J.T. Miller 35, Vladislav Gavrikov 23) at 3:26
2. LAS VEGAS Golden Knights , Filip Hronek 6 (Ryan Nugent-Hopkins 33, Nick Seeler 26) at 18:40
Andrei Kuzmenko (SEA) for Delaying the game (Minor) at 0:19
Rasmus Dahlin (SEA) for Holding (Minor) at 18:55
2nd period
3. SEATTLE Kraken , T.J. Oshie 14 (Joe Pavelski 22, Samuel Girard 35) at 11:36
4. SEATTLE Kraken , Gabriel Vilardi 10 (Jason Robertson 37) at 18:11
Luke Kunin (L-V) for Interference (Minor) at 5:22
Jani Hakanpaa (SEA) for Tripping (Minor) at 16:02
3rd period
5. LAS VEGAS Golden Knights , Luke Kunin 14 (Alex Galchenyuk 26, Filip Hronek 39) at 5:12
6. SEATTLE Kraken , David Pastrnak 37 (Jani Hakanpaa 7, Auston Matthews 48) at 13:15
7. SEATTLE Kraken , Alex Ovechkin 23 (Tim Stutzle 8, Oscar Klefbom 28) at 19:16 (PP)
Jakub Zboril (L-V) for High sticking (Minor) at 10:31
Ryan Nugent-Hopkins (L-V) for Interference (Minor) at 17:18
Goalie Stats
Linus Ullmark (SEA), 18 saves from 21 shots - (0,857), W, 24-21-4, 60:00 minutes
Ilya Sorokin (L-V), 28 saves from 32 shots - (0,875), L, 24-20-6, 59:39 minutes
3 StarsOfficial
1 - Filip Hronek (L-V)
2 - Gabriel Vilardi (SEA)
3 - David Pastrnak (SEA)
Referees : Greg Kimmerly and Marcus Vinnerberg
Linesman : Derek Amell and Pierre Champoux
Game Note
No Game Note
Finance
Level 1 -- Attendance: 1832 (30,53%) -- Ticket Income $732,800
Level 2 -- Attendance: 1823 (36,46%) -- Ticket Income $455,750
Level 3 -- Attendance: 962 (48,10%) -- Ticket Income $105,820
Level 4 -- Attendance: 1760 (44,00%) -- Ticket Income $132,000
Luxury Box -- Attendance: 316 (31,60%) -- Ticket Income $300,200
Total Attendance: 6693 (37,18%)
Total Ticket Income: $1,726,570
Other Income: $345,314
Total Income: $2,071,884



Team Name Goals Shots Shots Attemp Shots Blocked PIM HIT PP PK FO%
SEATTLE Kraken 4326176151 / 3 (33%)043%
LAS VEGAS Golden Knights 3214666130 / 3 (0%)157%

SEATTLE Kraken
Player Name POS G A P +/- PIM HIT SHT SB MP PP MP PP SHT PK MP PK SHT FO% FOT
Alec MartinezD0001000016:240:0003:2300% 0
Alex OvechkinLW101-2034017:500:5014:241100% 1
Andrei KuzmenkoLW0000201020:272:4600:0000% 0
Auston MatthewsC0110014121:353:1020:00039% 33
Brock BoeserRW000-2002012:360:0000:0000% 0
David PastrnakRW1010033021:353:1000:00033% 3
Gabriel VilardiC/RW1011022018:012:3200:000100% 1
Jamie DrysdaleD0000000218:482:1700:0000% 0
Jani HakanpaaD0111200113:480:4800:0000% 0
Jason RobertsonLW/RW0111003018:462:3400:0000% 0
Joe PavelskiC/LW/RW011100003:100:0001:33080% 5
Oscar KlefbomD011-1002122:242:3112:2600% 0
Rasmus DahlinD000-1212224:023:2502:0300% 0
Samuel GirardD0110013024:322:5124:0200% 0
T.J. OshieC/LW/RW101100203:100:0001:3300% 0
Tim StutzleC/LW011100001:510:1400:0000% 0
Vincent HinostrozaC/RW000-2002017:000:0004:24035% 23
Wyatt JohnstonC0001042018:012:3210:00044% 25
LAS VEGAS Golden Knights
Player Name POS G A P +/- PIM HIT SHT SB MP PP MP PP SHT PK MP PK SHT FO% FOT
Alex GalchenyukC/LW0111000016:412:0400:540100% 1
Alex KerfootC/LW0001022020:032:0404:16155% 31
Artem AnisimovC/LW000-2002211:010:0000:00076% 17
Brady SkjeiD000-1001117:310:0002:4500% 0
Cole CaufieldRW000-2000011:010:0000:0000% 0
Filip HronekD1121011119:142:0400:5100% 0
J.T. MillerC/LW/RW0111011026:403:5303:58050% 2
Jakub ZborilD000-1221116:380:0001:1000% 0
Joona KoppanenC/LW000000004:340:0000:0000% 0
Keegan KolesarRW000000104:340:0000:0000% 0
Kirill MarchenkoRW000-2011011:010:0000:000100% 1
Luke KuninC/RW1011213016:502:0401:04050% 2
Nick SeelerD0111011021:144:0913:1100% 0
Nikita ZaitsevD0000010026:323:5303:5500% 0
Pavel ZachaC/LW0001001124:223:5301:40075% 4
Philip KurashevC/LW/RW000000104:340:0000:00033% 6
Ryan Nugent-HopkinsC/LW1121205022:413:5300:00048% 27
Vladislav GavrikovD0110030018:501:4800:0000% 0



Play-by-Play

1st period


0:01 of 1st period - Auston Matthews wins face-off versus Ryan Nugent-Hopkins in neutral zone.
0:16 of 1st period - Shot by David Pastrnak.
0:16 of 1st period - Stopped by Ilya Sorokin with a rebound.
0:19 of 1st period - Minor Penalty to Andrei Kuzmenko for Delaying the game.
0:20 of 1st period - Alex Kerfoot wins face-off versus Vincent Hinostroza in SEATTLE Kraken zone.
0:27 of 1st period - Shot by Alex Galchenyuk.
0:27 of 1st period - Shot Misses the Net.
0:35 of 1st period - Shot by Alex Ovechkin.
0:35 of 1st period - Stopped by Ilya Sorokin without a rebound.
0:36 of 1st period - Joe Pavelski wins face-off versus Ryan Nugent-Hopkins in LAS VEGAS Golden Knights zone.
2:10 of 1st period - Icing by Luke Kunin.
2:11 of 1st period - Joe Pavelski wins face-off versus Luke Kunin in LAS VEGAS Golden Knights zone.
2:20 of 1st period - Icing by Oscar Klefbom.
2:21 of 1st period - Artem Anisimov wins face-off versus Wyatt Johnston in SEATTLE Kraken zone.
2:35 of 1st period - Icing by Jamie Drysdale.
2:36 of 1st period - Wyatt Johnston wins face-off versus Alex Kerfoot in SEATTLE Kraken zone.
3:12 of 1st period - Shot by Alex Kerfoot.
3:12 of 1st period - Deflect By Alex Galchenyuk.
3:12 of 1st period - Shot Blocked by Jamie Drysdale.
3:14 of 1st period - Shot by Brady Skjei.
3:14 of 1st period - Stopped by Linus Ullmark without a rebound.
3:15 of 1st period - Auston Matthews wins face-off versus Ryan Nugent-Hopkins in SEATTLE Kraken zone.
3:26 of 1st period - Shot by Ryan Nugent-Hopkins.
3:26 of 1st period - Goal by Ryan Nugent-Hopkins - SEATTLE Kraken : 0 - LAS VEGAS Golden Knights : 1.
3:27 of 1st period - Vincent Hinostroza wins face-off versus Artem Anisimov in neutral zone.
3:56 of 1st period - Shot by Alex Ovechkin.
3:56 of 1st period - Stopped by Ilya Sorokin without a rebound.
3:57 of 1st period - Auston Matthews wins face-off versus Ryan Nugent-Hopkins in LAS VEGAS Golden Knights zone.
5:39 of 1st period - Filip Hronek is hit by Wyatt Johnston and loses puck.
5:53 of 1st period - Icing by Alec Martinez.
5:54 of 1st period - Philip Kurashev wins face-off versus Wyatt Johnston in SEATTLE Kraken zone.
6:44 of 1st period - Off-side.
6:45 of 1st period - Auston Matthews wins face-off versus Ryan Nugent-Hopkins in neutral zone.
7:06 of 1st period - Shot by Ryan Nugent-Hopkins.
7:06 of 1st period - Deflect By J.T. Miller.
7:06 of 1st period - Shot Blocked by Oscar Klefbom.
7:23 of 1st period - Shot by Ryan Nugent-Hopkins.
7:23 of 1st period - Stopped by Linus Ullmark without a rebound.
7:24 of 1st period - Artem Anisimov wins face-off versus Vincent Hinostroza in SEATTLE Kraken zone.
8:03 of 1st period - Brock Boeser is hit by Kirill Marchenko and loses puck.
8:53 of 1st period - Icing by Rasmus Dahlin.
8:54 of 1st period - Gabriel Vilardi wins face-off versus Ryan Nugent-Hopkins in SEATTLE Kraken zone.
9:33 of 1st period - Icing by Vladislav Gavrikov.
9:34 of 1st period - Ryan Nugent-Hopkins wins face-off versus Auston Matthews in LAS VEGAS Golden Knights zone.
9:38 of 1st period - Icing by J.T. Miller.
9:39 of 1st period - Ryan Nugent-Hopkins wins face-off versus Auston Matthews in LAS VEGAS Golden Knights zone.
9:49 of 1st period - Icing by Samuel Girard.
9:50 of 1st period - Alex Kerfoot wins face-off versus Auston Matthews in SEATTLE Kraken zone.
9:51 of 1st period - Shot by Luke Kunin.
9:51 of 1st period - Stopped by Linus Ullmark without a rebound.
9:52 of 1st period - Alex Kerfoot wins face-off versus Auston Matthews in SEATTLE Kraken zone.
9:57 of 1st period - Shot by Alex Galchenyuk.
9:57 of 1st period - Shot Misses the Net.
10:18 of 1st period - Shot by Luke Kunin.
10:18 of 1st period - Stopped by Linus Ullmark without a rebound.
10:19 of 1st period - Ryan Nugent-Hopkins wins face-off versus Vincent Hinostroza in SEATTLE Kraken zone.
10:30 of 1st period - Shot by Ryan Nugent-Hopkins.
10:30 of 1st period - Stopped by Linus Ullmark with a rebound.
11:06 of 1st period - Shot by Pavel Zacha.
11:06 of 1st period - Stopped by Linus Ullmark without a rebound.
11:07 of 1st period - Artem Anisimov wins face-off versus Auston Matthews in SEATTLE Kraken zone.
11:07 of 1st period - Kirill Marchenko is hit by Samuel Girard and loses puck.
11:18 of 1st period - Shot by Artem Anisimov.
11:18 of 1st period - Stopped by Linus Ullmark without a rebound.
11:19 of 1st period - Alex Kerfoot wins face-off versus Wyatt Johnston in SEATTLE Kraken zone.
11:49 of 1st period - Shot by Jason Robertson.
11:49 of 1st period - Stopped by Ilya Sorokin with a rebound.
11:51 of 1st period - Shot by Alec Martinez.
11:51 of 1st period - Shot Misses the Net.
12:11 of 1st period - Icing by Brady Skjei.
12:12 of 1st period - Alex Kerfoot wins face-off versus Auston Matthews in LAS VEGAS Golden Knights zone.
12:51 of 1st period - Shot by Auston Matthews.
12:51 of 1st period - Stopped by Ilya Sorokin without a rebound.
12:52 of 1st period - Artem Anisimov wins face-off versus Vincent Hinostroza in LAS VEGAS Golden Knights zone.
13:19 of 1st period - Shot by Alex Ovechkin.
13:19 of 1st period - Shot Blocked by Artem Anisimov.
14:08 of 1st period - Shot by Pavel Zacha.
14:08 of 1st period - Shot Misses the Net.
14:22 of 1st period - Shot by Andrei Kuzmenko.
14:22 of 1st period - Shot Blocked by Pavel Zacha.
14:26 of 1st period - Shot by Andrei Kuzmenko.
14:26 of 1st period - Stopped by Ilya Sorokin without a rebound.
14:27 of 1st period - Wyatt Johnston wins face-off versus Philip Kurashev in LAS VEGAS Golden Knights zone.
14:46 of 1st period - Wyatt Johnston is hit by Jakub Zboril and loses puck.
15:03 of 1st period - Shot by Philip Kurashev.
15:03 of 1st period - Shot Misses the Net.
15:32 of 1st period - Icing by Nikita Zaitsev.
15:33 of 1st period - David Pastrnak wins face-off versus Alex Kerfoot in LAS VEGAS Golden Knights zone.
15:37 of 1st period - Icing by Nikita Zaitsev.
15:38 of 1st period - Alex Galchenyuk wins face-off versus Auston Matthews in LAS VEGAS Golden Knights zone.
16:03 of 1st period - Shot by Alex Kerfoot.
16:03 of 1st period - Shot Hit the Post.
16:24 of 1st period - David Pastrnak is hit by Alex Kerfoot and loses puck.
17:35 of 1st period - Shot by Kirill Marchenko.
17:35 of 1st period - Shot Misses the Net.
17:37 of 1st period - Shot by Brady Skjei.
17:37 of 1st period - Shot Blocked by Jamie Drysdale.
17:39 of 1st period - Shot by Cole Caufield.
17:39 of 1st period - Shot Misses the Net.
17:41 of 1st period - Shot by Jakub Zboril.
17:41 of 1st period - Stopped by Linus Ullmark without a rebound.
17:42 of 1st period - Wyatt Johnston wins face-off versus Philip Kurashev in SEATTLE Kraken zone.
18:13 of 1st period - Shot by Philip Kurashev.
18:13 of 1st period - Stopped by Linus Ullmark without a rebound.
18:14 of 1st period - Artem Anisimov wins face-off versus Vincent Hinostroza in SEATTLE Kraken zone.
18:20 of 1st period - Icing by Samuel Girard.
18:21 of 1st period - Pavel Zacha wins face-off versus Vincent Hinostroza in SEATTLE Kraken zone.
18:38 of 1st period - Shot by Ryan Nugent-Hopkins.
18:38 of 1st period - Shot Misses the Net.
18:40 of 1st period - Shot by Filip Hronek.
18:40 of 1st period - Goal by Filip Hronek - SEATTLE Kraken : 0 - LAS VEGAS Golden Knights : 2.
18:41 of 1st period - Artem Anisimov wins face-off versus Auston Matthews in neutral zone.
18:55 of 1st period - Minor Penalty to Rasmus Dahlin for Holding.
18:56 of 1st period - Ryan Nugent-Hopkins wins face-off versus Vincent Hinostroza in SEATTLE Kraken zone.
Goals for this period are 0 for SEATTLE Kraken vs 2 for LAS VEGAS Golden Knights.
Shots for this period are 6 for SEATTLE Kraken vs 11 for LAS VEGAS Golden Knights.

2nd period


0:01 of 2nd period - Vincent Hinostroza wins face-off versus Ryan Nugent-Hopkins in neutral zone.
1:26 of 2nd period - Shot by David Pastrnak.
1:26 of 2nd period - Shot Misses the Net.
1:28 of 2nd period - Shot by Rasmus Dahlin.
1:28 of 2nd period - Shot Hit the Post.
1:30 of 2nd period - Shot by Auston Matthews.
1:30 of 2nd period - Shot Misses the Net.
1:32 of 2nd period - Shot by Auston Matthews.
1:32 of 2nd period - Shot Blocked by Artem Anisimov.
1:34 of 2nd period - Shot by Oscar Klefbom.
1:34 of 2nd period - Stopped by Ilya Sorokin without a rebound.
1:35 of 2nd period - Luke Kunin wins face-off versus Wyatt Johnston in LAS VEGAS Golden Knights zone.
1:35 of 2nd period - Nikita Zaitsev is hit by Gabriel Vilardi and loses puck.
3:07 of 2nd period - Shot by J.T. Miller.
3:07 of 2nd period - Shot Blocked by Rasmus Dahlin.
3:40 of 2nd period - Icing by J.T. Miller.
3:41 of 2nd period - Vincent Hinostroza wins face-off versus J.T. Miller in LAS VEGAS Golden Knights zone.
3:44 of 2nd period - Shot by Brock Boeser.
3:44 of 2nd period - Shot Misses the Net.
3:47 of 2nd period - Alex Ovechkin is hit by Nick Seeler and loses puck.
4:01 of 2nd period - Shot by Alex Ovechkin.
4:01 of 2nd period - Shot Blocked by Filip Hronek.
4:03 of 2nd period - Shot by Alex Ovechkin.
4:03 of 2nd period - Stopped by Ilya Sorokin without a rebound.
4:04 of 2nd period - Joe Pavelski wins face-off versus Artem Anisimov in LAS VEGAS Golden Knights zone.
4:07 of 2nd period - Shot by T.J. Oshie.
4:07 of 2nd period - Stopped by Ilya Sorokin without a rebound.
4:08 of 2nd period - Alex Kerfoot wins face-off versus Joe Pavelski in LAS VEGAS Golden Knights zone.
4:27 of 2nd period - Shot by Alex Kerfoot.
4:27 of 2nd period - Stopped by Linus Ullmark without a rebound.
4:28 of 2nd period - Auston Matthews wins face-off versus Artem Anisimov in SEATTLE Kraken zone.
5:22 of 2nd period - Minor Penalty to Luke Kunin for Interference.
5:23 of 2nd period - Wyatt Johnston wins face-off versus Alex Kerfoot in LAS VEGAS Golden Knights zone.
5:44 of 2nd period - J.T. Miller is hit by Wyatt Johnston and loses puck.
6:15 of 2nd period - Shot by Alex Kerfoot.
6:15 of 2nd period - Stopped by Linus Ullmark without a rebound.
6:16 of 2nd period - Pavel Zacha wins face-off versus David Pastrnak in SEATTLE Kraken zone.
6:23 of 2nd period - Shot by Auston Matthews.
6:23 of 2nd period - Stopped by Ilya Sorokin without a rebound.
6:24 of 2nd period - Auston Matthews wins face-off versus Alex Kerfoot in LAS VEGAS Golden Knights zone.
6:53 of 2nd period - Shot by Auston Matthews.
6:53 of 2nd period - Stopped by Ilya Sorokin without a rebound.
6:54 of 2nd period - Auston Matthews wins face-off versus Pavel Zacha in LAS VEGAS Golden Knights zone.
8:59 of 2nd period - Shot by Ryan Nugent-Hopkins.
8:59 of 2nd period - Shot Blocked by Jani Hakanpaa.
9:14 of 2nd period - Icing by Filip Hronek.
9:15 of 2nd period - Ryan Nugent-Hopkins wins face-off versus Auston Matthews in LAS VEGAS Golden Knights zone.
9:25 of 2nd period - Icing by Auston Matthews.
9:26 of 2nd period - Alex Kerfoot wins face-off versus Auston Matthews in SEATTLE Kraken zone.
9:43 of 2nd period - Shot by Auston Matthews.
9:43 of 2nd period - Stopped by Ilya Sorokin with a rebound.
9:53 of 2nd period - Shot by Alex Galchenyuk.
9:53 of 2nd period - Shot Misses the Net.
10:21 of 2nd period - Gabriel Vilardi is hit by Luke Kunin and loses puck.
10:47 of 2nd period - Shot by Wyatt Johnston.
10:47 of 2nd period - Shot Misses the Net.
10:49 of 2nd period - Shot by Wyatt Johnston.
10:49 of 2nd period - Shot Misses the Net.
11:36 of 2nd period - Shot by T.J. Oshie.
11:36 of 2nd period - Goal by T.J. Oshie - SEATTLE Kraken : 1 - LAS VEGAS Golden Knights : 2.
11:37 of 2nd period - Artem Anisimov wins face-off versus Auston Matthews in neutral zone.
11:42 of 2nd period - Shot by Artem Anisimov.
11:42 of 2nd period - Deflect By Kirill Marchenko.
11:42 of 2nd period - Stopped by Linus Ullmark without a rebound.
11:43 of 2nd period - Artem Anisimov wins face-off versus Auston Matthews in SEATTLE Kraken zone.
12:02 of 2nd period - Shot by Cole Caufield.
12:02 of 2nd period - Shot Misses the Net.
13:06 of 2nd period - Off-side.
13:07 of 2nd period - Alex Ovechkin wins face-off versus Ryan Nugent-Hopkins in neutral zone.
13:10 of 2nd period - J.T. Miller is hit by Alex Ovechkin and loses puck.
13:26 of 2nd period - Shot by Pavel Zacha.
13:26 of 2nd period - Shot Misses the Net.
14:01 of 2nd period - Icing by Jamie Drysdale.
14:02 of 2nd period - Vincent Hinostroza wins face-off versus Alex Kerfoot in SEATTLE Kraken zone.
14:02 of 2nd period - Samuel Girard is hit by Alex Kerfoot and loses puck.
14:12 of 2nd period - Off-side.
14:13 of 2nd period - Wyatt Johnston wins face-off versus Philip Kurashev in neutral zone.
14:18 of 2nd period - Philip Kurashev is hit by Wyatt Johnston and loses puck.
14:22 of 2nd period - Icing by Philip Kurashev.
14:23 of 2nd period - Philip Kurashev wins face-off versus Auston Matthews in LAS VEGAS Golden Knights zone.
14:30 of 2nd period - Shot by Keegan Kolesar.
14:30 of 2nd period - Shot Misses the Net.
14:32 of 2nd period - Shot by Brady Skjei.
14:32 of 2nd period - Shot Misses the Net.
14:46 of 2nd period - Shot by Rasmus Dahlin.
14:46 of 2nd period - Shot Misses the Net.
15:20 of 2nd period - Icing by Pavel Zacha.
15:21 of 2nd period - Ryan Nugent-Hopkins wins face-off versus Wyatt Johnston in LAS VEGAS Golden Knights zone.
15:21 of 2nd period - Ryan Nugent-Hopkins is hit by Wyatt Johnston.
15:38 of 2nd period - Shot by Jason Robertson.
15:38 of 2nd period - Stopped by Ilya Sorokin without a rebound.
15:39 of 2nd period - Vincent Hinostroza wins face-off versus Alex Kerfoot in LAS VEGAS Golden Knights zone.
15:39 of 2nd period - Vincent Hinostroza is hit by Filip Hronek.
16:02 of 2nd period - Minor Penalty to Jani Hakanpaa for Tripping.
16:03 of 2nd period - Ryan Nugent-Hopkins wins face-off versus Vincent Hinostroza in SEATTLE Kraken zone.
16:04 of 2nd period - Shot by Nick Seeler.
16:04 of 2nd period - Stopped by Linus Ullmark without a rebound.
16:05 of 2nd period - Vincent Hinostroza wins face-off versus Ryan Nugent-Hopkins in SEATTLE Kraken zone.
16:46 of 2nd period - Shot by Ryan Nugent-Hopkins.
16:46 of 2nd period - Shot Blocked by Rasmus Dahlin.
17:09 of 2nd period - Icing by Vladislav Gavrikov.
17:10 of 2nd period - Joe Pavelski wins face-off versus Alex Kerfoot in LAS VEGAS Golden Knights zone.
18:11 of 2nd period - Shot by Gabriel Vilardi.
18:11 of 2nd period - Goal by Gabriel Vilardi - SEATTLE Kraken : 2 - LAS VEGAS Golden Knights : 2.
18:12 of 2nd period - J.T. Miller wins face-off versus Auston Matthews in neutral zone.
18:24 of 2nd period - David Pastrnak is hit by Jakub Zboril and loses puck.
18:35 of 2nd period - Shot by Jamie Drysdale.
18:35 of 2nd period - Shot Misses the Net.
18:37 of 2nd period - Shot by David Pastrnak.
18:37 of 2nd period - Deflect By Auston Matthews.
18:37 of 2nd period - Shot Blocked by Jakub Zboril.
19:00 of 2nd period - Icing by Jakub Zboril.
19:01 of 2nd period - Wyatt Johnston wins face-off versus Ryan Nugent-Hopkins in LAS VEGAS Golden Knights zone.
19:06 of 2nd period - Shot by Wyatt Johnston.
19:06 of 2nd period - Deflect By Jason Robertson.
19:06 of 2nd period - Shot Misses the Net.
19:14 of 2nd period - Shot by Rasmus Dahlin.
19:14 of 2nd period - Stopped by Ilya Sorokin without a rebound.
19:15 of 2nd period - Vincent Hinostroza wins face-off versus Alex Kerfoot in LAS VEGAS Golden Knights zone.
19:16 of 2nd period - Shot by Brock Boeser.
19:16 of 2nd period - Stopped by Ilya Sorokin without a rebound.
19:17 of 2nd period - Wyatt Johnston wins face-off versus Alex Kerfoot in LAS VEGAS Golden Knights zone.
19:22 of 2nd period - Shot by Gabriel Vilardi.
19:22 of 2nd period - Stopped by Ilya Sorokin without a rebound.
19:23 of 2nd period - Alex Kerfoot wins face-off versus Wyatt Johnston in LAS VEGAS Golden Knights zone.
Goals for this period are 2 for SEATTLE Kraken vs 0 for LAS VEGAS Golden Knights.
Shots for this period are 12 for SEATTLE Kraken vs 4 for LAS VEGAS Golden Knights.

3rd period


0:01 of 3rd period - Ryan Nugent-Hopkins wins face-off versus Auston Matthews in neutral zone.
0:15 of 3rd period - Icing by Oscar Klefbom.
0:16 of 3rd period - Alex Kerfoot wins face-off versus Auston Matthews in SEATTLE Kraken zone.
0:19 of 3rd period - Shot by Alex Galchenyuk.
0:19 of 3rd period - Shot Misses the Net.
1:23 of 3rd period - Shot by Ryan Nugent-Hopkins.
1:23 of 3rd period - Deflect By J.T. Miller.
1:23 of 3rd period - Shot Misses the Net.
1:29 of 3rd period - Shot by Ryan Nugent-Hopkins.
1:29 of 3rd period - Stopped by Linus Ullmark without a rebound.
1:30 of 3rd period - Artem Anisimov wins face-off versus Wyatt Johnston in SEATTLE Kraken zone.
1:58 of 3rd period - Shot by Kirill Marchenko.
1:58 of 3rd period - Shot Misses the Net.
2:10 of 3rd period - Shot by Wyatt Johnston.
2:10 of 3rd period - Stopped by Ilya Sorokin without a rebound.
2:11 of 3rd period - Ryan Nugent-Hopkins wins face-off versus Vincent Hinostroza in LAS VEGAS Golden Knights zone.
2:36 of 3rd period - Icing by Jani Hakanpaa.
2:37 of 3rd period - Alex Kerfoot wins face-off versus Vincent Hinostroza in SEATTLE Kraken zone.
3:00 of 3rd period - Shot by Brock Boeser.
3:00 of 3rd period - Stopped by Ilya Sorokin without a rebound.
3:01 of 3rd period - Ryan Nugent-Hopkins wins face-off versus Wyatt Johnston in LAS VEGAS Golden Knights zone.
3:09 of 3rd period - Jason Robertson is hit by Vladislav Gavrikov and loses puck.
3:37 of 3rd period - Wyatt Johnston is hit by Vladislav Gavrikov and loses puck.
4:10 of 3rd period - Icing by Pavel Zacha.
4:11 of 3rd period - Auston Matthews wins face-off versus Ryan Nugent-Hopkins in LAS VEGAS Golden Knights zone.
4:11 of 3rd period - David Pastrnak is hit by Nikita Zaitsev and loses puck.
5:12 of 3rd period - Shot by Alex Galchenyuk.
5:12 of 3rd period - Deflect By Luke Kunin.
5:12 of 3rd period - Goal by Luke Kunin - SEATTLE Kraken : 2 - LAS VEGAS Golden Knights : 3.
5:13 of 3rd period - Kirill Marchenko wins face-off versus Vincent Hinostroza in neutral zone.
5:44 of 3rd period - Shot by Vincent Hinostroza.
5:44 of 3rd period - Stopped by Ilya Sorokin without a rebound.
5:45 of 3rd period - Wyatt Johnston wins face-off versus Alex Kerfoot in LAS VEGAS Golden Knights zone.
5:46 of 3rd period - Shot by Samuel Girard.
5:46 of 3rd period - Stopped by Ilya Sorokin without a rebound.
5:47 of 3rd period - Wyatt Johnston wins face-off versus Alex Kerfoot in LAS VEGAS Golden Knights zone.
6:08 of 3rd period - Shot by Jason Robertson.
6:08 of 3rd period - Stopped by Ilya Sorokin without a rebound.
6:09 of 3rd period - Auston Matthews wins face-off versus Philip Kurashev in LAS VEGAS Golden Knights zone.
6:32 of 3rd period - Shot by David Pastrnak.
6:32 of 3rd period - Shot Misses the Net.
6:40 of 3rd period - Shot by Keegan Kolesar.
6:40 of 3rd period - Stopped by Linus Ullmark without a rebound.
6:41 of 3rd period - Ryan Nugent-Hopkins wins face-off versus Wyatt Johnston in SEATTLE Kraken zone.
7:38 of 3rd period - Icing by Filip Hronek.
7:39 of 3rd period - Pavel Zacha wins face-off versus Auston Matthews in LAS VEGAS Golden Knights zone.
7:44 of 3rd period - Shot by David Pastrnak.
7:44 of 3rd period - Shot Misses the Net.
8:08 of 3rd period - Shot by Rasmus Dahlin.
8:08 of 3rd period - Stopped by Ilya Sorokin without a rebound.
8:09 of 3rd period - Artem Anisimov wins face-off versus Vincent Hinostroza in LAS VEGAS Golden Knights zone.
8:09 of 3rd period - Artem Anisimov is hit by Alex Ovechkin.
8:31 of 3rd period - Shot by Brock Boeser.
8:31 of 3rd period - Shot Misses the Net.
8:33 of 3rd period - Shot by Alex Ovechkin.
8:33 of 3rd period - Shot Misses the Net.
8:35 of 3rd period - Shot by Vincent Hinostroza.
8:35 of 3rd period - Stopped by Ilya Sorokin without a rebound.
8:36 of 3rd period - Alex Kerfoot wins face-off versus David Pastrnak in LAS VEGAS Golden Knights zone.
8:36 of 3rd period - Alex Kerfoot is hit by David Pastrnak.
8:43 of 3rd period - Nick Seeler is hit by Rasmus Dahlin and loses puck.
8:50 of 3rd period - Nick Seeler is hit by David Pastrnak and loses puck.
9:15 of 3rd period - Shot by Alex Galchenyuk.
9:15 of 3rd period - Shot Blocked by Auston Matthews.
9:46 of 3rd period - Shot by Ryan Nugent-Hopkins.
9:46 of 3rd period - Deflect By J.T. Miller.
9:46 of 3rd period - Stopped by Linus Ullmark without a rebound.
9:47 of 3rd period - Ryan Nugent-Hopkins wins face-off versus Wyatt Johnston in SEATTLE Kraken zone.
10:07 of 3rd period - Icing by J.T. Miller.
10:08 of 3rd period - Ryan Nugent-Hopkins wins face-off versus Vincent Hinostroza in LAS VEGAS Golden Knights zone.
10:08 of 3rd period - Ryan Nugent-Hopkins is hit by Alex Ovechkin.
10:18 of 3rd period - Off-side.
10:19 of 3rd period - Artem Anisimov wins face-off versus Wyatt Johnston in neutral zone.
10:19 of 3rd period - Jakub Zboril is hit by Gabriel Vilardi and loses puck.
10:31 of 3rd period - Minor Penalty to Jakub Zboril for High sticking.
10:32 of 3rd period - Alex Kerfoot wins face-off versus Auston Matthews in LAS VEGAS Golden Knights zone.
10:47 of 3rd period - Shot by Samuel Girard.
10:47 of 3rd period - Stopped by Ilya Sorokin without a rebound.
10:48 of 3rd period - Alex Kerfoot wins face-off versus Wyatt Johnston in LAS VEGAS Golden Knights zone.
11:03 of 3rd period - Shot by Oscar Klefbom.
11:03 of 3rd period - Stopped by Ilya Sorokin without a rebound.
11:04 of 3rd period - Alex Kerfoot wins face-off versus Auston Matthews in LAS VEGAS Golden Knights zone.
11:18 of 3rd period - Off-side.
11:19 of 3rd period - Alex Kerfoot wins face-off versus Wyatt Johnston in neutral zone.
11:31 of 3rd period - Shot by Oscar Klefbom.
11:31 of 3rd period - Deflect By Andrei Kuzmenko.
11:31 of 3rd period - Shot Misses the Net.
11:43 of 3rd period - Shot by Wyatt Johnston.
11:43 of 3rd period - Shot Misses the Net.
11:45 of 3rd period - Shot by Wyatt Johnston.
11:45 of 3rd period - Stopped by Ilya Sorokin without a rebound.
11:46 of 3rd period - Alex Kerfoot wins face-off versus Auston Matthews in LAS VEGAS Golden Knights zone.
11:46 of 3rd period - Alex Kerfoot is hit by David Pastrnak.
12:04 of 3rd period - Shot by Samuel Girard.
12:04 of 3rd period - Shot Misses the Net.
12:06 of 3rd period - Shot by Rasmus Dahlin.
12:06 of 3rd period - Shot Misses the Net.
12:08 of 3rd period - Shot by Samuel Girard.
12:08 of 3rd period - Stopped by Ilya Sorokin without a rebound.
12:09 of 3rd period - Alex Kerfoot wins face-off versus Wyatt Johnston in LAS VEGAS Golden Knights zone.
12:20 of 3rd period - Shot by Oscar Klefbom.
12:20 of 3rd period - Shot Misses the Net.
12:32 of 3rd period - Shot by Artem Anisimov.
12:32 of 3rd period - Stopped by Linus Ullmark without a rebound.
12:33 of 3rd period - Artem Anisimov wins face-off versus Vincent Hinostroza in SEATTLE Kraken zone.
12:57 of 3rd period - Off-side.
12:58 of 3rd period - Auston Matthews wins face-off versus Ryan Nugent-Hopkins in neutral zone.
13:09 of 3rd period - Shot by David Pastrnak.
13:09 of 3rd period - Shot Misses the Net.
13:13 of 3rd period - Shot by David Pastrnak.
13:13 of 3rd period - Stopped by Ilya Sorokin with a rebound.
13:15 of 3rd period - Shot by David Pastrnak.
13:15 of 3rd period - Goal by David Pastrnak - SEATTLE Kraken : 3 - LAS VEGAS Golden Knights : 3.
13:16 of 3rd period - Wyatt Johnston wins face-off versus Alex Kerfoot in neutral zone.
14:09 of 3rd period - Icing by Filip Hronek.
14:10 of 3rd period - Auston Matthews wins face-off versus Alex Kerfoot in LAS VEGAS Golden Knights zone.
14:19 of 3rd period - Shot by Andrei Kuzmenko.
14:19 of 3rd period - Shot Misses the Net.
14:41 of 3rd period - Off-side.
14:42 of 3rd period - Vincent Hinostroza wins face-off versus Ryan Nugent-Hopkins in neutral zone.
14:44 of 3rd period - Brock Boeser is hit by Vladislav Gavrikov and loses puck.
15:21 of 3rd period - Shot by Ryan Nugent-Hopkins.
15:21 of 3rd period - Stopped by Linus Ullmark with a rebound.
15:32 of 3rd period - Icing by Alec Martinez.
15:33 of 3rd period - Artem Anisimov wins face-off versus Vincent Hinostroza in SEATTLE Kraken zone.
15:42 of 3rd period - Shot by Kirill Marchenko.
15:42 of 3rd period - Shot Misses the Net.
15:44 of 3rd period - Shot by Jakub Zboril.
15:44 of 3rd period - Shot Misses the Net.
16:19 of 3rd period - Icing by Brady Skjei.
16:20 of 3rd period - Wyatt Johnston wins face-off versus Artem Anisimov in LAS VEGAS Golden Knights zone.
17:18 of 3rd period - Minor Penalty to Ryan Nugent-Hopkins for Interference.
17:19 of 3rd period - Auston Matthews wins face-off versus Alex Kerfoot in LAS VEGAS Golden Knights zone.
17:48 of 3rd period - Shot by Rasmus Dahlin.
17:48 of 3rd period - Deflect By Jason Robertson.
17:48 of 3rd period - Shot Misses the Net.
18:22 of 3rd period - Shot by Wyatt Johnston.
18:22 of 3rd period - Shot Blocked by Brady Skjei.
19:14 of 3rd period - Shot by Tim Stutzle.
19:14 of 3rd period - Shot Misses the Net.
19:16 of 3rd period - Shot by Alex Ovechkin.
19:16 of 3rd period - Goal by Alex Ovechkin - SEATTLE Kraken : 4 - LAS VEGAS Golden Knights : 3.
19:17 of 3rd period - Auston Matthews wins face-off versus Ryan Nugent-Hopkins in neutral zone.
19:36 of 3rd period - Samuel Girard is hit by J.T. Miller and loses puck.
19:39 of 3rd period - LAS VEGAS Golden Knights, Ilya Sorokin is pulled from the net.
19:54 of 3rd period - Filip Hronek is hit by Auston Matthews and loses puck.
Goals for this period are 2 for SEATTLE Kraken vs 1 for LAS VEGAS Golden Knights.
Shots for this period are 14 for SEATTLE Kraken vs 6 for LAS VEGAS Golden Knights.